AoeStats
← Phil

Arabia

509232523Analyzed
1v1 RM · 5d ago on Sep 26, 2026· 54m 37s· 2 players
Game mode
Random Map
Map size
Tiny (2 player)
Population
200
Speed
Normal
Resources
Standard
Victory
Conquest
Starting age
Dark Age
Ending age
Imperial Age
RankedLock teamsTeams togetherTeam positionsShared explorationLock speedFull tech treeHidden civsTurbo modeCheats
Victory
Defeat
🇺🇸 Tatars · United States
1014
+15
🇦🇷 Italians · Argentina
998
-15
Proteína G
3:29 Loom
10:22 Feudal Age
10:42 Man-at-Arms
14:34 Double-Bit Axe
14:48 Horse Collar
16:24 Wheelbarrow
18:16 Town Watch
21:24 Castle Age
21:48 Fletching
21:59 Padded Archer Armor
22:23 Bow Saw
22:26 Bodkin Arrow
23:06 Heavy Plow
24:12 Gold Mining
24:53 Leather Archer Armor
24:28 Elite Skirmisher
27:27 Ballistics
27:52 Thumb Ring
27:08 Crossbowman
31:04 Treadmill Crane
31:19 Murder Holes
34:56 Hand Cart
34:42 Town Patrol
40:54 Imperial Age
38:30 Stone Mining
39:53 Forging
39:48 Scale Barding Armor
41:55 Bracer
42:26 Ring Archer Armor
42:32 Iron Casting
42:17 Chain Barding Armor
43:01 Chemistry
42:24 Bloodlines
42:15 Husbandry
41:57 Cavalier
46:34 Blast Furnace
47:57 Plate Barding Armor
49:36 Conscription
52:18 Pirotechnia
Phil
6:36 Loom
9:05 Feudal Age
10:08 Double-Bit Axe
21:27 Castle Age
19:46 Fletching
22:28 Bodkin Arrow
23:10 Bow Saw
25:49 Padded Archer Armor
28:48 Horse Collar
29:34 Ballistics
30:10 Wheelbarrow
37:34 Imperial Age
35:07 Light Cavalry
36:05 Bloodlines
39:10 Husbandry
38:32 Light Cavalry
41:33 Bracer
42:16 Scale Barding Armor
42:22 Forging
43:51 Chemistry
42:57 Siege Engineers
44:41 Chain Barding Armor
44:57 Iron Casting
45:32 Leather Archer Armor
46:59 Hussar
48:17 Plate Barding Armor
48:17 Iron Casting
47:50 Silk Armor
50:03 Ring Archer Armor
50:45 Conscription
Connection lost

Rejoining the realm…

Still unreachable

The connection could not be restored.

Session expired

The server has moved on; the page needs a fresh start.